 Dungeon Crawl Stone Soup version 0.28.0-53-g5a82cb258f (webtiles) character file.

Game seed: 18302058618682049282

44 purpskrrrp the Cutter (level 3, -2/26 HPs)
             Began as a Demonspawn Wanderer on June 23, 2022.
             Succumbed to a scorpion's poison
             ... on level 2 of the Dungeon.
             The game lasted 00:04:44 (1370 turns).

purpskrrrp the Cutter (Demonspawn Wanderer)         Turns: 1370, Time: 00:04:44

Health: -2/26      AC:  3    Str: 12    XL:     3   Next: 39%
Magic:  3/3        EV: 11    Int: 10    God:
Gold:   71         SH:  0    Dex: 17    Spells: 2/2 levels left

rFire   . . .      SeeInvis .   a - +2 short sword
rCold   . . .      Faith    .   (no shield)
rNeg    . . .      Spirit   .   d - +0 leather armour
rPois   .          Reflect  .   (no helmet)
rElec   .          Harm     .   (no cloak)
rCorr   .          Rampage  .   (no gloves)
Will    .....                   (no boots)
Stlth   +.........              (no amulet)
HPRegen 0.08/turn               (no ring)
MPRegen 0.08/turn               (no ring)

@: lethally poisoned (-2 -> -15)
A: claws 1, spiny 1
a: no special abilities


You were on level 2 of the Dungeon.
You visited 1 branch of the dungeon, and saw 2 of its levels.

You collected 71 gold pieces.

Inventory:

Hand Weapons
 a - a +2 short sword (weapon)
 g - a +0 war axe
 i - a +0 fustibalus
Missiles
 f - 2 poisoned darts
 j - 15 stones
Armour
 d - a +0 leather armour (worn)
Scrolls
 h - 2 scrolls of identify
 k - a scroll of fear {unknown}
Potions
 b - a potion of curing
 e - 2 potions of cancellation
Miscellaneous
 c - a piece from Xom's chessboard (15/15) (quivered)


   Skills:
 + Level 1.1 Fighting
 + Level 5.2 Short Blades
 + Level 2.1 Armour
 + Level 0.2 Dodging
 + Level 0.5 Stealth
 + Level 1.0 Unarmed Combat
 + Level 1.0 Evocations


You had 2 spell levels left.
You didn't know any spells.
Your spell library contained the following spells:

 Spells                   Type           Power      Damage    Failure   Level
 Animate Skeleton         Necr           0%         N/A       43%         1
 Apportation              Tloc           0%         N/A       43%         1
 Sting                    Tmut/Pois      0%         1d3       43%         1
 Summon Small Mammal      Summ           0%         N/A       43%         1
 Blink                    Tloc           0%         N/A       58%         2
 Poisonous Vapours        Pois/Air       0%         N/A       58%         2
 Lesser Beckoning         Tloc           0%         N/A       82%         3
 Olgreb's Toxic Radiance  Pois           0%         N/A       99%         4
 Manifold Assault         Tloc           0%         N/A       100%        5


Dungeon Overview and Level Annotations

Branches:
Dungeon (2/15)

Altars:


Innate Abilities, Weirdness & Mutations

You have sharp fingernails.
You are partially covered in sharp spines.


Message History

The adder is struck by your spines. The adder barely misses you.
You hit the adder.
The adder is almost dead.
The adder bites you.
You hit the adder.
You kill the adder!
You see here an adder corpse.
A scorpion comes into view.
A worm comes into view.
The scorpion closely misses you.
You barely miss the scorpion. The scorpion is struck by your spines.
The scorpion barely misses you.
You barely miss the scorpion.
The scorpion is lightly wounded.
The scorpion misses you.
You hit the scorpion.
The scorpion is lightly wounded.
The scorpion barely misses you.
You hit the scorpion.
The scorpion is moderately wounded.
The scorpion stings you but does no damage.
You closely miss the scorpion.
The scorpion is moderately wounded.
The scorpion is struck by your spines. The scorpion stings you.
You puncture the scorpion!
The scorpion is almost dead.
The scorpion stings you. The worm bites you!
You closely miss the scorpion.
The scorpion is almost dead.
The scorpion barely misses you.
You closely miss the scorpion.
You claw the scorpion, but do no damage.
The scorpion is almost dead.
The scorpion is struck by your spines. The scorpion stings you!
* * * LOW HITPOINT WARNING * * *
You are lethally poisoned!
The scorpion poisons you! The worm closely misses you.
You puncture the scorpion!
You kill the scorpion!
You die...

..##.# #.##.# ♣
♣.....##.###.###.##.# # #
.s...# .......##.####.#
....# #.###.##.#....#
...######..........#
..##....w.....#...#
#.######......#..##
###########.######.###..#.♣♣
...............†@w.......♣♣
###########.######.###..♣♣
#.# #.# #(.♣
###########.######.###..♣
............†...........♣
##################.###.##
#.# #.. #.##


You could see a worm.

Vanquished Creatures
  A scorpion (D:2)
  An adder (D:2)
  A worm (D:2)
  A ball python (D:1)
  An endoplasm (D:1)
  5 giant cockroaches (D:1)
  A goblin (D:1)
  3 hobgoblins (D:1)
  4 jackals (D:1)
  3 bats
  5 kobolds (D:1)
  3 rats (D:1)
29 creatures vanquished.

Vanquished Creatures (others)
  3 plants (D:2)
3 creatures vanquished.

Grand Total: 32 creatures vanquished

Notes
Turn   | Place    | Note
-------+----------+-------------------------------------------
     0 | D:1      | purpskrrrp the Demonspawn Wanderer began the quest for the
                  | Orb.
     0 | D:1      | purpskrrrp set off with the following items: a +2 short
                  | sword, a potion of curing, a piece from Xom's chessboard
                  | (15/15), a +0 leather armour
     0 | D:1      | Reached XP level 1. HP: 15/15 MP: 1/1
    74 | D:1      | Gained mutation: You have sharp fingernails. [demonic
                  | ancestry]
    74 | D:1      | Reached XP level 2. HP: 12/21 MP: 2/2
   325 | D:1      | Reached skill level 5 in Short Blades
   581 | D:1      | Found a faded altar of an unknown god.
   866 | D:1      | Gained mutation: You are partially covered in sharp spines.
                  | [demonic ancestry]
   866 | D:1      | Reached XP level 3. HP: 19/26 MP: 3/3
  1353 | D:2      | Noticed a scorpion
  1369 | D:2      | HP: 1/26 [scorpion (7)]
  1370 | D:2      | Killed a scorpion
  1370 | D:2      | Succumbed to a scorpion's poison

Illustrated notes

Levels and vault maps discovered:
D:1:      shiori_arrival_oz, layout_rooms, hellmonk_ecumenical_altar_lost_god
D:2:      layout_basic, serial_forest, infiniplex_forest_clump_long,
          infiniplex_forest_straight_4, infiniplex_forest_end_2,
          infiniplex_forest_fountain, infiniplex_forest_clump_medium,
          infiniplex_forest_zigzag_1, infiniplex_forest_side_room,
          infiniplex_forest_straight_4, infiniplex_forest_end_2, basic_altar,
          nicolae_wormholes

Skill      XL: |  1  2 |
---------------+-------+-----
Armour         | 2 |  2.1
Short Blades   | 5 |  5.2
Fighting       | |  1.1
Dodging        | |  0.2
Stealth        | |  0.5
Unarmed Combat | |  1.0
Evocations     | |  1.0

Action                   || total
-------------------------++-------
Melee: Short sword       ||    85
       Punch             ||     4
Evoke: Piece from Xom's  ||     1
  Use: Scroll            ||     5
 Stab: Sleeping          ||     1
Armor: Leather armour    ||    26
Dodge: Dodged            ||    59
